Map: Ice and Chrome LE

Players

Jonathas - Winner!

  • Race: Zerg Zerg
  • League: Diamond
  • Spawn Location: 1:00

Ciel

  • Race: Zerg Zerg
  • League: Master
  • Spawn Location: 7:00

VOD

Have the link to the VOD?

Description

Time

  • Played on: July 11, 2020, 4:25 a.m.
  • Length: 17:57
Show
View Real Time Build Order
Export as new Build Order

Jonathas Zerg - Winner!

Build Orders: Pool First 

Get SALT Encoding   

  12  0:01  Drone  
  13  0:12  Overlord  
  13  0:17  Drone  
  14  0:30  Drone x2  
  14  0:34  Drone  
  17  0:45  Spawning Pool  
  17  0:47  Drone  
  17  0:52  Extractor  
  17  0:56  Drone  
  17  1:13  Hatchery  
  17  1:16  Drone  
  17  1:21  Drone  
  18  1:31  Queen  
  20  1:35  Zergling x2  
  21  1:43  Overlord  
  21  1:50  Drone  
  22  1:59  Metabolic Boost  
  22  2:03  Drone  
  23  2:08  Queen  
  23  2:11  Drone  
  26  2:26  Drone x2  
  28  2:36  Hatchery  
  27  2:41  Drone x2  
  29  2:48  Queen  
  31  2:56  Spine Crawler  
  31  2:57  Drone  
  31  3:01  Drone  
  31  3:02  Drone  
  31  3:04  Drone  
  33  3:05  Zergling x2  
  33  3:10  Zergling x2  
  35  3:21  Roach Warren  
  35  3:23  Zergling x4  
  36  3:40  Evolution Chamber  
  35  3:41  Overlord, Evolution Chamber, Queen  
  35  3:45  Overlord  
  36  3:49  Zergling x8  
  36  3:54  Zergling x2  
  41  4:01  Roach x2  
  45  4:03  Drone x2  
  45  4:07  Drone x2  
  48  4:18  Roach x2  
  48  4:19  Extractor  
  50  4:26  Roach  
  50  4:29  Extractor  
  51  4:34  Roach  
  51  4:35  Drone x2  
  51  4:37  Extractor  
  54  4:38  Overlord  
  54  4:39  Overlord  
  54  4:47  Drone x2  
  54  4:48  Drone  
  57  4:56  Overlord  
  57  4:58  Drone x4  
  61  5:04  Drone x2  
  63  5:12  Roach x2  
  67  5:17  Drone x2  
  67  5:21  Zerg Missile Weapons Level 1  
  69  5:26  Drone x2  
  71  5:30  Drone  
  71  5:31  Drone x2  
  71  5:33  Drone  
  75  5:37  Lair  
  75  5:42  Drone x2  
  77  5:43  Drone  
  77  5:47  Drone  
  79  5:51  Drone x2  
  79  5:53  Zerg Ground Armor Level 1  
  81  6:02  Overlord x3  
  81  6:05  Overlord  
  81  6:21  Roach  
  81  6:22  Roach x2  
  81  6:25  Roach x3  
  93  6:26  Roach x4  
  93  6:32  Roach  
  104  6:33  Roach  
  104  6:34  Overlord  
  104  6:39  Roach  
  105  6:40  Roach x2  
  105  6:43  Glial Reconstitution  
  105  6:46  Roach x2  
  113  6:49  Overlord  
  113  6:55  Roach x2  
  113  6:56  Roach  
  113  6:58  Overlord  
  113  7:00  Pneumatized Carapace  
  119  7:03  Overlord  
  119  7:07  Overseer  
  119  7:11  Roach x2  
  119  7:13  Roach  
  125  7:18  Roach  
  125  7:19  Roach x3  
  133  7:25  Overlord x2  
  133  7:28  Zerg Missile Weapons Level 2  
  133  7:36  Roach x4  
  141  7:39  Overlord  
  141  7:41  Overlord  
  141  7:45  Roach  
  141  7:46  Overlord, Roach  
  145  7:52  Ravager  
  145  7:55  Spine Crawler  
  145  8:02  Ravager x2  
  145  8:03  Drone  
  145  8:04  Drone x7  
  155  8:07  Roach x2  
  159  8:14  Roach x3  
  165  8:20  Drone x3  
  165  8:24  Extractor  
  165  8:25  Extractor  
  165  8:26  Ravager  
  167  8:28  Ravager  
  168  8:36  Drone  
  168  8:37  Drone x8  
  176  8:48  Roach x5  
  176  8:54  Roach  
  148  8:56  Roach  
  148  8:57  Roach x3  
  129  9:05  Roach x5  
  129  9:09  Roach x3  
  135  9:15  Roach  
  134  9:18  Overlord  
  134  9:36  Overseer  
  132  9:39  Spore Crawler  
  132  9:40  Roach x3  
  132  9:41  Roach x10  
  156  9:50  Roach  
  156  9:51  Roach x3  
  154  10:06  Hatchery  
  150  10:17  Roach  
  150  10:18  Roach x7  
  166  10:23  Spine Crawler  
  166  10:25  Ravager  
  158  10:31  Roach x2  
  144  10:39  Roach x3  
  134  10:44  Roach  
  134  10:45  Roach  
  126  10:58  Hatchery  
  125  11:07  Roach x3  
  129  11:12  Roach  
  129  11:17  Ravager  
  129  11:18  Ravager x2  
  134  11:19  Ravager  
  135  11:26  Roach x4  
  135  11:31  Spine Crawler  
  142  11:34  Ravager  
  142  11:37  Ravager x3  
  142  11:38  Ravager  
  142  11:39  Roach x2  
  151  11:45  Roach  
  151  11:46  Roach x2  
  157  11:53  Drone x6  
  163  11:54  Drone  
  163  12:01  Ravager x2  
  165  12:02  Overlord, Ravager x2  
  165  12:03  Drone  
  165  12:04  Drone  
  170  12:10  Overlord x3  
  170  12:13  Roach  
  170  12:14  Roach  
  174  12:18  Queen  
  174  12:21  Queen  
  178  12:25  Roach  
  178  12:26  Roach  
  178  12:27  Overlord  
  182  12:30  Queen  
  152  12:45  Roach  
  152  12:48  Roach  
  131  12:53  Roach  
  131  12:54  Roach x10  
  149  13:04  Roach x3  
  109  13:22  Overseer  
  109  13:24  Roach x9  
  123  13:29  Spore Crawler  
  123  13:30  Roach  
  123  13:31  Roach  
  123  13:33  Overlord, Roach  
  130  13:34  Roach  
  130  13:37  Spine Crawler  
  127  13:43  Roach  
  127  13:44  Roach x5  
  127  13:47  Hydralisk Den  
  127  13:48  Roach x2  
  142  13:53  Queen  
  144  13:58  Extractor  
  144  13:59  Zerg Ground Armor Level 2  
  144  14:01  Extractor  
  142  14:03  Infestation Pit  
  142  14:07  Roach x5  
  151  14:12  Roach x2  
  151  14:16  Roach  
  157  14:17  Ravager x3  
  157  14:18  Ravager x3  
  157  14:20  Roach  
  165  14:30  Roach x2  
  165  14:31  Roach x4  
  177  14:35  Drone x3  
  177  14:36  Drone  
  177  14:37  Drone  
  182  14:38  Drone  
  182  14:42  Ravager  
  182  14:43  Ravager  
  185  14:46  Roach  
  185  14:47  Roach x2  
  185  14:49  Roach  
  185  14:50  Roach  
  185  14:51  Overlord  
  195  14:54  Drone x2  
  197  15:02  Grooved Spines  
  197  15:05  Roach  
  199  15:09  Hive  
  199  15:20  Roach  
  199  15:21  Roach x6  
  109  15:29  Roach  
  109  15:33  Roach x3  
  110  15:39  Roach x2  
  110  15:41  Roach x5  
  110  15:42  Roach  
  126  15:48  Roach  
  126  15:49  Roach x3  
  130  15:51  Roach  
  130  15:53  Roach  
  127  15:59  Roach x3  
  127  16:01  Drone x2  
  127  16:03  Drone  
  136  16:11  Roach x4  
  144  16:14  Muscular Augments  
  144  16:20  Roach  
  144  16:21  Roach x3  
  148  16:34  Roach x5  
  148  16:35  Roach, Overseer  
  148  16:39  Roach  
  154  16:40  Roach x3  
  156  16:48  Hydralisk x2  
  156  16:53  Roach x3  
  170  17:01  Roach x3  
  170  17:08  Hatchery  
  171  17:13  Roach x3  
  177  17:18  Roach  
  177  17:26  Roach  
  177  17:27  Roach x5  
  189  17:32  Roach x2  
  189  17:35  Ravager x4  
  189  17:36  Ravager  
  199  17:37  Ravager  
  199  17:40  Overseer  
  199  17:43  Overseer  
Show
View Real Time Build Order
Export as new Build Order

Ciel Zerg 

Build Orders: Hatch First, Lurkers 

Get SALT Encoding   

  12  0:01  Drone  
  13  0:15  Overlord  
  13  0:17  Drone  
  14  0:36  Drone  
  14  0:37  Drone  
  16  0:48  Hatchery  
  15  0:53  Drone  
  15  0:56  Drone  
  17  1:00  Drone  
  18  1:10  Extractor  
  17  1:15  Spawning Pool  
  16  1:19  Drone  
  16  1:23  Drone  
  18  1:31  Drone  
  19  2:02  Queen x2  
  19  2:04  Zergling x2  
  19  2:05  Zergling x2  
  19  2:06  Drone  
  19  2:08  Overlord  
  26  2:12  Metabolic Boost  
  26  2:14  Drone  
  27  2:15  Drone  
  28  2:24  Overlord  
  28  2:35  Baneling Nest  
  27  2:44  Hatchery  
  27  2:47  Zergling x2  
  27  2:51  Drone  
  27  2:55  Drone x2  
  30  3:04  Drone x2  
  30  3:05  Drone  
  33  3:08  Drone  
  34  3:13  Drone  
  34  3:15  Drone  
  34  3:17  Drone  
  37  3:27  Drone x4  
  37  3:32  Zergling x4  
  42  3:38  Zergling x2  
  43  3:43  Zergling x2  
  43  3:47  Overlord x2  
  44  3:55  Roach Warren  
  43  3:58  Evolution Chamber  
  43  3:59  Zergling x6  
  45  4:05  Baneling x2  
  45  4:07  Drone  
  45  4:08  Drone x2  
  48  4:16  Zergling x2  
  49  4:17  Zergling x8  
  49  4:18  Drone  
  49  4:22  Drone  
  53  4:26  Lair  
  53  4:27  Zerg Missile Weapons Level 1  
  53  4:28  Drone  
  53  4:29  Drone  
  55  4:32  Drone x2  
  55  4:33  Drone  
  55  4:35  Drone  
  55  4:37  Drone  
  60  4:40  Extractor, Overlord  
  60  4:41  Extractor  
  58  4:54  Overlord x2  
  58  4:58  Overlord x2  
  59  5:00  Drone  
  59  5:04  Drone  
  59  5:05  Drone  
  59  5:06  Queen  
  63  5:07  Drone  
  63  5:11  Overlord  
  64  5:14  Drone  
  64  5:15  Drone x3  
  64  5:18  Extractor, Drone x2  
  64  5:19  Drone  
  70  5:21  Drone  
  70  5:24  Drone x2  
  70  5:26  Glial Reconstitution  
  73  5:30  Drone  
  73  5:31  Drone  
  73  5:32  Drone  
  73  5:34  Zergling x2  
  73  5:35  Zergling x2  
  78  5:37  Drone  
  79  5:43  Extractor, Roach  
  79  5:44  Roach  
  79  5:46  Roach  
  79  5:47  Overseer  
  79  5:49  Roach, Overseer  
  86  5:51  Roach  
  86  5:54  Roach  
  90  6:00  Roach x4  
  90  6:02  Overlord  
  98  6:05  Roach  
  98  6:06  Roach  
  98  6:09  Roach  
  104  6:12  Roach  
  104  6:17  Overseer  
  106  6:19  Overlord  
  106  6:20  Overlord  
  106  6:21  Zerg Missile Weapons Level 2, Ravager  
  106  6:24  Overlord  
  107  6:28  Roach x3  
  113  6:41  Roach x8  
  129  6:47  Roach  
  129  6:50  Roach  
  133  6:55  Roach  
  133  6:58  Roach  
  137  7:03  Overlord x2  
  137  7:08  Overlord  
  137  7:14  Overlord x3  
  137  7:20  Tunneling Claws  
  137  7:21  Burrow  
  137  7:22  Roach x7  
  151  7:25  Roach  
  155  7:30  Roach x2  
  157  7:40  Roach x3  
  162  7:50  Roach x9  
  180  7:56  Roach  
  180  7:57  Roach  
  184  8:09  Roach  
  184  8:11  Roach  
  185  8:13  Overlord  
  185  8:14  Overlord  
  181  8:22  Overlord x2  
  181  8:24  Drone  
  181  8:25  Hatchery  
  180  8:28  Roach  
  182  8:39  Pneumatized Carapace  
  182  8:40  Overseer  
  168  8:54  Roach x13  
  163  8:59  Roach  
  163  9:00  Roach x3  
  163  9:01  Roach  
  132  9:10  Roach  
  132  9:11  Roach x3  
  132  9:12  Roach x2  
  128  9:25  Roach x6  
  128  9:26  Drone, Roach x2  
  128  9:30  Roach  
  128  9:31  Extractor  
  144  9:36  Roach x2  
  148  9:39  Roach x2  
  150  9:48  Roach x2  
  148  9:53  Roach x4  
  148  9:58  Roach  
  148  9:59  Roach x8  
  166  10:02  Roach x4  
  172  10:09  Roach  
  172  10:10  Roach x2  
  172  10:12  Overlord  
  178  10:15  Hydralisk Den  
  173  10:22  Overlord x2  
  173  10:23  Drone  
  173  10:24  Drone  
  169  10:28  Roach  
  169  10:34  Roach  
  169  10:35  Roach x2  
  147  10:39  Roach  
  147  10:42  Roach  
  127  10:43  Roach  
  127  10:44  Roach x3  
  127  10:45  Zergling x2  
  110  10:50  Roach  
  110  10:51  Roach  
  110  10:53  Drone x3  
  113  10:58  Roach x2  
  115  11:04  Roach x2  
  115  11:05  Roach  
  121  11:21  Roach x9  
  139  11:27  Drone x4  
  139  11:30  Ravager  
  139  11:31  Ravager x6  
  139  11:32  Ravager  
  151  11:33  Ravager x2  
  151  11:36  Roach  
  155  11:43  Roach  
  155  11:44  Roach x3  
  163  11:47  Drone  
  163  11:48  Drone  
  163  11:53  Drone x4  
  169  11:56  Lurker Den  
  169  12:01  Zerg Ground Armor Level 1  
  168  12:09  Roach x6  
  168  12:10  Roach  
  168  12:15  Roach x3  
  188  12:18  Roach x2  
  188  12:22  Roach x2  
  196  12:26  Roach x2  
  167  12:47  Roach  
  167  12:48  Roach x11  
  151  12:52  Hydralisk  
  151  12:58  Hydralisk  
  149  13:02  Hydralisk  
  149  13:03  Hydralisk  
  138  13:06  Hydralisk  
  138  13:11  Hydralisk x3  
  121  13:19  Infestation Pit  
  113  13:21  Hatchery  
  113  13:24  Hydralisk x3  
  116  13:27  Hydralisk  
  116  13:31  Hatchery  
  116  13:33  Lurker x2  
  119  13:44  Lurker x2  
  119  13:48  Lurker  
  122  14:00  Lurker x2  
  124  14:10  Overlord x2  
  124  14:13  Overseer  
  124  14:20  Hydralisk x5  
  124  14:23  Drone x4  
  138  14:40  Extractor  
  138  14:41  Extractor, Hydralisk  
  138  14:42  Hydralisk x3  
  144  14:46  Lurker x2  
  144  14:49  Lurker  
  147  14:55  Lurker  
  143  15:20  Hydralisk  
  143  15:21  Hydralisk x7  
  117  15:28  Hydralisk x2  
  105  15:35  Hydralisk x2  
  106  15:37  Zergling x2  
  106  15:38  Zergling x20  
  115  15:45  Hydralisk x2  
  111  15:50  Zergling x6  
  112  16:01  Lurker x2  
  112  16:02  Lurker  
  112  16:03  Drone  
  112  16:04  Drone x5  
  120  16:06  Drone  
  122  16:16  Lurker  
  122  16:17  Lurker  
  121  16:31  Hydralisk x2  
  121  16:32  Hydralisk x2  
  115  16:45  Hydralisk x8  
  116  16:47  Zergling x16  
  124  16:59  Lurker  
  124  17:00  Roach x4, Lurker  
  131  17:04  Roach  
  131  17:05  Roach x2  
  122  17:21  Hatchery, Lurker x3  
  124  17:24  Roach  
  124  17:25  Roach x2  
  124  17:26  Drone x7  
  137  17:36  Lurker x2  
Tags
 
Add a new tag
Caveats
  • Supply blocks, unpowered buildings, or Contaminate may cause inaccurate times.
  • Supply counts are checked every 10 seconds.